 Dungeon Crawl Stone Soup version 0.19.1-1-g22dce08 (webtiles) character file.

80 theAP the Cudgeler (level 4, -3/29 HPs)
             Began as a Gargoyle Fighter on Jan 12, 2017.
             Hit by a tomahawk thrown by an orc warrior (10 damage)
             ... on level 2 of the Dungeon.
             The game lasted 00:03:01 (1453 turns).

theAP the Cudgeler (Gargoyle Fighter)               Turns: 1453, Time: 00:03:02

Health: -3/29      AC: 10    Str: 20    XL:     4   Next: 39%
Magic:  4/4        EV:  7    Int:  9    God:
Gold:   62         SH:  0    Dex:  9    Spells: 0 memorised, 3 levels left

rFire  . . .     SeeInvis .     a - +0 flail
rCold  . . .     Gourm    .     b - +0 scale mail
rNeg   + . .     Faith    .     c - +0 shield
rPois  ∞         Spirit   .     (no helmet)
rElec  +         Reflect  .     (no cloak)
rCorr  .         Harm     .     (no gloves)
MR     .....                    (no boots)
Stlth  ..........               (no amulet)
                                (no ring)
                                (no ring)

@: confused
A: negative energy resistance 1, electricity resistance, unbreathing,
petrification resistance, rot immunity, AC +3
a: no special abilities


You were on level 2 of the Dungeon.
You were very hungry.

You visited 1 branch of the dungeon, and saw 3 of its levels.

You collected 62 gold pieces.

Inventory:

Hand Weapons
 a - a +0 flail (weapon)
Armour
 b - a +0 scale mail (worn)
 c - a +0 shield (worn)
Wands
 m - a wand of acid (5/15)
Potions
 d - a potion of might
 e - a potion of magic {unknown}
 i - a potion of cure mutation {unknown}
 j - a potion of invisibility {unknown}
 k - a potion of mutation {unknown}
Comestibles
 f - 2 bread rations
 g - a meat ration
 h - 5 fruits
 l - a beef jerky


   Skills:
 + Level 4.0 Fighting
 * Level 4.0 Maces & Flails
 - Level 3.2 Armour
 - Level 3.2 Shields


You had 3 spell levels left.
You didn't know any spells.

Dungeon Overview and Level Annotations

Branches:
Dungeon (3/15)

Altars:
Kikubaaqudgha


Innate Abilities, Weirdness & Mutations

You are resistant to torment.
Your stone body is resilient. (AC +3)
You are immune to poison.
You resist negative energy. (rN+)
You are resistant to electric shocks. (rElec)
You can survive without breathing.
You are immune to petrification.
You are immune to rotting.


Message History

The magic dart hits you!
The orc warrior throws a tomahawk.
The tomahawk hits you.
The orc wizard points at you and mumbles some strange words.
You are confused.
You see here a tomahawk.
The orc warrior throws a tomahawk.
The tomahawk hits you!
* * * LOW HITPOINT WARNING * * *
You see here a tomahawk.
You hit the rat.
You kill the rat!
Your Fighting skill increases to level 4!
The orc warrior throws a tomahawk.
The tomahawk closely misses you.
The orc wizard points at you and mumbles some strange words.
You are more confused.
The orc wizard hits you but does no damage.
The orc warrior throws a tomahawk.
The tomahawk hits you but does no damage.
You see here a tomahawk.
The orc warrior throws a tomahawk.
The tomahawk hits you!
You die...

.......# #.##..#............####
.......# ##.##.##.....>..#.......
.......###.....###...............
...[...#...#.####.......[........
.........##.......(.o............
................†(o>....<........
................oo...............
..............(......)...........
###.##..........@...............#
###...[..#)#.#...........#......#
##........÷....#..#.#.#..####..##
##................#...##......##.
.......(..............##..#####..
....#........########..#.#####..#
..(....>.÷....# #.........#.##
#.......#..##.## #.........#...
###.........#..#####.............


You could see an orc warrior, 2 orc wizards and an orc.

Vanquished Creatures
  Jessica (D:2)
  An adder (D:2)
  A worm (D:2)
  3 dart slugs
  A leopard gecko (D:2)
  3 giant cockroaches
  5 goblins (D:2)
  2 hobgoblins
  A quokka (D:2)
  5 bats
  3 frilled lizards
  6 kobolds
  7 rats
39 creatures vanquished.

Notes
Turn   | Place    | Note
-------+----------+-------------------------------------------
     0 | D:1      | theAP the Gargoyle Fighter began the quest for the Orb.
     0 | D:1      | Reached XP level 1. HP: 14/14 MP: 1/1
   196 | D:1      | Reached XP level 2. HP: 14/19 MP: 2/2
  1048 | D:2      | Reached XP level 3. HP: 22/23 MP: 3/3
  1186 | D:2      | Found a faded altar of an unknown god.
  1204 | D:2      | Found an ancient bone altar of Kikubaaqudgha.
  1288 | D:2      | Noticed Jessica
  1296 | D:2      | Killed Jessica
  1296 | D:2      | Reached XP level 4. HP: 23/29 MP: 4/4
  1442 | D:3      | Noticed an orc warrior
  1453 | D:2      | Hit by a tomahawk thrown by an orc warrior

Skill      XL: |  1  2  3  4 |
---------------+-------------+-----
Maces & Flails | 3 4 |  4.0
Fighting       | 4 |  4.0
Armour         | |  3.2
Shields        | |  3.2

Action                   |  1- 3 |  4- 6 || total
-------------------------+-------+-------++-------
Melee: Flail             |   147 |    14 ||   161
  Use: Scroll            |     1 |       ||     1
  Eat: Chunk             |     1 |       ||     1
Armor: Scale mail        |    80 |     9 ||    89
Dodge: Dodged            |    51 |     9 ||    60
Block: Shield            |    85 |     8 ||    93
